 Dungeon Crawl Stone Soup version 0.29-a0-824-gd827844252 (webtiles) character file.

Game seed: 13005521374997882620

8504 kevlar127 the Grappler (level 11, -2/172 HPs)
             Began as a Troll Berserker on July 9, 2022.
             Was a High Priest of Trog.
             Slain by Amaemon
             ... wielding a -2 demon whip of venom
              (5 damage)
             ... on level 9 of the Dungeon.
             The game lasted 00:36:54 (9425 turns).

kevlar127 the Grappler (Troll Berserker)            Turns: 9425, Time: 00:36:56

Health: -2/172     AC:  8    Str: 37    XL:     11   Next: 10%
Magic:  10/10      EV: 10    Int:  3    God:    Trog [*****.]
Gold:   217        SH:  0    Dex:  9    Spells: 10/10 levels left

rFire   . . .      SeeInvis .     - Unarmed
rCold   . . .      Faith    .   (no shield)
rNeg    . . .      Spirit   .   R - +0 steam dragon scales
rPois   .          Reflect  .   (helmet restricted)
rElec   .          Harm     .   p - +0 cloak {rCorr}
rCorr   +          Rampage  .   (gloves unavailable)
Will    ++...                   (boots unavailable)
Stlth   ..........              (no amulet)
HPRegen 2.18/turn               k - +4 ring of slaying
MPRegen 0.12/turn               I - +6 ring of strength

@: berserking, lethally poisoned (-2 -> -17), strong-willed, regenerating,
slowed
A: large, unfitting armour, claws 3, regeneration 1, shaggy fur 1, tough skin 1
a: Renounce Religion, Berserk, Trog's Hand, Brothers in Arms


You were on level 9 of the Dungeon.
You worshipped Trog.
Trog was extremely pleased with you.
You visited 1 branch of the dungeon, and saw 9 of its levels.
You also visited: Sewer and Ossuary.

You collected 455 gold pieces.
You spent 238 gold pieces at shops.

Inventory:

Missiles
 j - 83 stones
 n - 9 javelins
 x - 14 poisoned darts
 A - 9 boomerangs (quivered)
 E - 3 boomerangs of dispersal
 F - 6 curare-tipped darts
Armour
 p - a +0 cloak of preservation (worn)
 R - +0 steam dragon scales (worn)
Jewellery
 k - a +4 ring of slaying (left claw)
 m - a ring of magical power
 y - a +6 ring of dexterity
 I - a +6 ring of strength (right claw)
 M - a ring of flight
 N - a +6 ring of strength
Wands
 a - a wand of flame (2)
 s - a wand of iceblast (18)
 z - a wand of mindburst (19)
 B - a wand of charming (10)
Scrolls
 d - 7 scrolls of identify
 e - 2 scrolls of enchant weapon
 l - 5 scrolls of enchant armour
 o - 2 scrolls of poison {unknown}
 q - 2 scrolls of fear
 r - a scroll of magic mapping {unknown}
 C - 3 scrolls of teleportation
 D - 2 scrolls of noise
 G - 3 scrolls of amnesia {unknown}
 H - a scroll of vulnerability {unknown}
 J - a scroll of blinking {unknown}
 K - a scroll of fog
Potions
 b - 4 potions of flight
 c - 4 potions of might
 f - 6 potions of curing
 g - 2 potions of resistance
 h - a potion of heal wounds {unknown}
 i - 4 potions of attraction
 t - 2 potions of brilliance
 u - a potion of degeneration
 v - a potion of berserk rage
 w - 2 potions of mutation
 L - 2 potions of lignification {unknown}
 P - a potion of magic {unknown}


   Skills:
 + Level 9.0 Fighting
 + Level 6.3 Throwing
 + Level 2.6 Armour
 - Level 3.0 Dodging
 + Level 10.5 Unarmed Combat
 - Level 4.0 Evocations


You had 10 spell levels left.
You didn't know any spells.
Your spell library was empty.

Dungeon Overview and Level Annotations

Branches:
Dungeon (9/15)             Temple (0/1) D:5           Sewer (visited)
Ossuary (visited)
   Lair: D:8-11         Orc: D:9-12

Altars:
Ashenzari
Elyvilon
Kikubaaqudgha
Makhleb
Nemelex Xobeh
Okawaru
Ru
Uskayaw
Vehumet
Wu Jian
Zin
The Shining One

Shops:
D:3 !   D:8 :

Annotations:
D:9 Amaemon


Innate Abilities, Weirdness & Mutations

You are too large for most types of armour.
You have claws for hands.
Your natural rate of healing is unusually fast.
You are covered in fur. (AC +1)
You have tough skin. (AC +1)


Message History

The scorpion misses you.
Amaemon hits you with a -2 demon whip of venom!
You are more poisoned.
Amaemon claws you!
* * * LOW HITPOINT WARNING * * *
Amaemon tail-slaps you.
* * * LOW HITPOINT WARNING * * *
A red film seems to cover your vision as you go berserk!
You feel yourself moving faster!
You feel mighty!
You feel extremely sick. The scorpion closely misses you.
The scorpion stings you but does no damage. x2
Amaemon casts a spell.
The scorpion closely misses you. The scorpion stings you.
* * * LOW HITPOINT WARNING * * *
The scorpion stings you.
* * * LOW HITPOINT WARNING * * *
Amaemon hits you with a -2 demon whip of venom.
* * * LOW HITPOINT WARNING * * *
You are lethally poisoned!
Amaemon claws you.
* * * LOW HITPOINT WARNING * * *
Amaemon closely misses you.
You closely miss Amaemon.
Amaemon is heavily wounded.
* * * LOW HITPOINT WARNING * * *
You feel extremely sick.
The scorpion stings you but does no damage. x2
The scorpion stings you.
* * * LOW HITPOINT WARNING * * *
The scorpion stings you.
* * * LOW HITPOINT WARNING * * *
You are too berserk!
You mangle Amaemon!! You claw Amaemon.
Amaemon is almost dead.
* * * LOW HITPOINT WARNING * * *
You feel extremely sick.
The scorpion disappears in a puff of smoke!
Amaemon hits you with a -2 demon whip of venom.
You die...

#..# #...#
##..######...#
#........))###
#............# #
#..........### #.
#.....).......
#.#####.........###.
#..ss...............
##s@ยง...........###.
#6#............##..
#.#............##.#
#.#.#...#####..##..
#.#.#...# ###
#.#.#...# #.#.#...#
#.#.#.###


You could see Amaemon (empowered) and 3 scorpions.

Vanquished Creatures
  A two-headed ogre (D:8)
  Erica (D:9)
  The ghost of gdog the Covert, a novice GnDe of Gozag (D:8)
  A manticore (D:9)
  Maurice (D:9)
  Joseph (D:9)
  An orange demon (D:9)
  An unseen horror (D:7)
  Sigmund (D:6)
  2 wyverns
  9 yaks
  2 steam dragons
  2 orc warriors
  An ice beast (D:6)
  2 sky beasts
  Pargi (Sewer)
  An ogre (D:5)
  2 centaurs (D:8)
  A phantom (D:5)
  2 kobold brigands (D:7)
  2 bullfrogs
  A gnoll sergeant (D:7)
  A necrophage (D:5)
  2 scorpions
  3 wights (D:7)
  6 killer bees (D:9)
  5 howler monkeys (D:8)
  3 hounds
  3 jellies
  Crazy Yiuf (D:2)
  3 gnoll boudas
  6 orc priests
  4 iguanas
  9 orc wizards
  A mummy (Ossuary)
  16 gnolls
  8 adders
  A shadow imp (D:5)
  3 white imps
  2 ufetubi
  2 worms
  43 orcs
  3 spectral bats (Ossuary)
  10 ball pythons
  17 bats
  5 endoplasms
  8 giant cockroaches
  12 gnoll zombies (Ossuary)
  7 goblins
  10 hobgoblins
  18 kobolds
  4 quokkas
  5 bat simulacra (Ossuary)
  A frilled lizard (D:2)
  A goblin simulacrum (Ossuary)
  3 goblin zombies (Ossuary)
  10 hobgoblin zombies (Ossuary)
  2 kobold zombies (Ossuary)
  3 orc zombies (Ossuary)
  3 rats
  6 rat simulacra (Ossuary)
  5 spectral goblins (Ossuary)
  3 spectral kobolds (Ossuary)
  2 spectral rats (Ossuary)
297 creatures vanquished.

Vanquished Creatures (others)
  3 plants (D:5)
3 creatures vanquished.

Grand Total: 300 creatures vanquished

Notes
Turn   | Place    | Note
-------+----------+-------------------------------------------
     0 | D:1      | kevlar127 the Troll Berserker began the quest for the Orb.
     0 | D:1      | Reached XP level 1. HP: 22/22 MP: 0/0
   153 | D:1      | Reached XP level 2. HP: 27/29 MP: 1/1
   585 | D:1      | Reached ** piety under Trog
   780 | D:2      | Found a faded altar of an unknown god.
   846 | D:2      | Reached XP level 3. HP: 37/37 MP: 2/2
   878 | D:2      | Found a broken altar of Ashenzari.
  1372 | D:2      | Found a runed translucent door.
  1373 | D:2      | Noticed Crazy Yiuf
  1379 | D:2      | Killed Crazy Yiuf
  1380 | D:2      | Reached skill level 4 in Unarmed Combat
  1380 | D:2      | Reached XP level 4. HP: 45/45 MP: 3/3
  1689 | D:3      | Found a glowing drain.
  1866 | D:3      | Found Esosoimu's Distillery.
  1873 | D:3      | Bought a potion of degeneration for 14 gold pieces
  1873 | D:3      | Bought a potion of curing for 42 gold pieces
  2168 | D:3      | Reached XP level 5. HP: 54/54 MP: 4/4
  2174 | Sewer    | Entered a sewer
  2203 | Sewer    | Noticed Pargi
  2211 | Sewer    | Killed Pargi
  2211 | Sewer    | Reached *** piety under Trog
  2212 | Sewer    | Reached skill level 1 in Throwing
  2456 | D:4      | Identified the +8 trident "Roesche" {vorpal, rF- rC+ Dex+3
                  | Stlth+}
  2468 | D:4      | Found a white marble altar of Elyvilon.
  2596 | D:4      | Reached skill level 5 in Unarmed Combat
  2647 | D:4      | Reached XP level 6. HP: 48/62 MP: 5/5
  3278 | D:5      | Entered Level 5 of the Dungeon
  3304 | D:5      | Reached XP level 7. HP: 58/71 MP: 6/6
  3375 | D:5      | Found a staircase to the Ecumenical Temple.
  3393 | D:5      | Reached skill level 5 in Fighting
  3393 | D:5      | Reached skill level 6 in Unarmed Combat
  3807 | D:5      | Found a sand-covered staircase.
  3812 | Ossuary  | Entered an ossuary
  3828 | Ossuary  | Reached **** piety under Trog
  4080 | Ossuary  | Reached ***** piety under Trog
  4436 | D:6      | Noticed Sigmund
  4455 | D:6      | Killed Sigmund
  4456 | D:6      | Reached XP level 8. HP: 53/83 MP: 7/7
  4523 | D:6      | Reached skill level 7 in Unarmed Combat
  5346 | D:6      | Found a burning altar of Makhleb.
  5346 | D:6      | Found a sacrificial altar of Ru.
  5346 | D:6      | Found an ancient bone altar of Kikubaaqudgha.
  5346 | D:6      | Found a radiant altar of Vehumet.
  5347 | D:6      | Found a hide-covered altar of Uskayaw.
  5347 | D:6      | Found a sparkling altar of Nemelex Xobeh.
  5578 | D:6      | Found an iron altar of Okawaru.
  5578 | D:6      | Found a glowing golden altar of the Shining One.
  5578 | D:6      | Found an ornate altar of the Wu Jian Council.
  6050 | D:7      | Reached skill level 8 in Unarmed Combat
  6126 | D:7      | Reached XP level 9. HP: 70/88 MP: 8/8
  6253 | D:7      | Reached skill level 1 in Evocations
  6271 | D:7      | Killed an unseen horror
  6604 | D:7      | HP: 6/139 [poisoned by a kobold brigand (curare-tipped
                  | dart)]
  6609 | D:7      | HP: 6/139 [poisoned by a kobold brigand (curare-tipped
                  | dart)]
  6968 | D:7      | Reached skill level 5 in Throwing
  7292 | D:8      | Found a runed translucent door.
  7298 | D:8      | Noticed gdog's ghost (novice GnDe)
  7366 | D:8      | Noticed a two-headed ogre
  7379 | D:8      | Killed a two-headed ogre
  7380 | D:8      | Reached skill level 1 in Armour
  7380 | D:8      | Reached skill level 9 in Unarmed Combat
  7510 | D:8      | Reached XP level 10. HP: 79/104 MP: 9/9
  7718 | D:3      | Bought a potion of resistance for 140 gold pieces
  7718 | D:3      | Bought a potion of flight for 42 gold pieces
  7929 | D:8      | Found Wojulif's Book Emporium.
  8154 | D:8      | Killed gdog's ghost
  8230 | D:9      | Noticed Erica
  8249 | D:9      | Killed Erica
  8250 | D:9      | Reached skill level 10 in Unarmed Combat
  8552 | D:9      | Noticed a manticore
  8562 | D:9      | Killed a manticore
  8822 | D:9      | Noticed Maurice
  8840 | D:9      | Killed Maurice
  9165 | D:9      | Noticed Joseph
  9170 | D:9      | Reached XP level 11. HP: 90/113 MP: 10/10
  9178 | D:9      | Killed Joseph
  9308 | D:9      | Found a glowing silver altar of Zin.
  9409 | D:9      | Noticed Amaemon
  9425 | D:9      | HP: 3/172 [poisoned by Amaemon]
  9425 | D:9      | Slain by Amaemon

Illustrated notes

Levels and vault maps discovered:
D:1:      sevenhm_arrival_forest_fort_small_4, layout_loops_ring,
          chequers_serial_rivers_small_a
D:2:      layout_loops_ring, nicolae_ecumenical_pavilion, basic_altar,
          uniq_crazy_yiuf_cottage
D:3:      layout_basic, serial_shops, shop, gup_sewer_entry_glass,
          roderic_batcave
D:4:      layout_basic, old_standard_altar
D:5:      layout_cave_pools, minmay_temple_entry_sparse_star,
          nicolae_ossuary_entry_false_entrances, st_stairs_11,
          serial_bayou_ford_a
D:6:      layout_cave_pools, nicolae_overflows_in_rows, uniq_sigmund
D:7:      layout_loops_ring
D:8:      layout_rooms, serial_shops, nicolae_lakefront_shop,
          ebering_ghost_reflecting_pool
D:9:      layout_basic, zin_statuary, serial_co_window_serial,
          co_window_of_opportunity_a, co_window_paths_b, co_window_paths_b,
          co_window_paths_b, co_window_paths_a, co_window_paths_a,
          co_window_paths_b, co_window_corner_b, co_window_cross_2,
          co_window_unsneaky_path_d, co_window_corner_ca, co_window_paths_c,
          glass_columns_c, glass_columns_b, uniq_erica, uniq_joseph,
          uniq_amaemon, uniq_maurice

Skill      XL: |  1  2  3  4  5  6  7  8  9 10 11 |
---------------+----------------------------------+-----
Fighting       | 3 4 5 6 7 8 9 |  9.0
Unarmed Combat | 4 5 6 8 9 10 | 10.5
Throwing       | 1 2 3 4 5 6 |  6.3
Evocations     | 2 4 |  4.0
Armour         | 1 2 |  2.6
Dodging        | 3 |  3.0

Action                   |  1- 3 |  4- 6 |  7- 9 | 10-12 || total
-------------------------+-------+-------+-------+-------++-------
Melee: Unarmed           |    51 |   148 |   272 |   121 ||   592
       Punch             |       |     1 |    13 |     5 ||    19
Throw: Boomerang         |       |       |    53 |    17 ||    70
       Stone             |       |       |     4 |       ||     4
       Dart              |       |       |    10 |       ||    10
Invok: Berserk           |     1 |     1 |     3 |     2 ||     7
       Trog's Hand       |       |     1 |     3 |     2 ||     6
       Brothers in Arms  |       |       |       |     1 ||     1
  Use: Scroll            |       |       |       |    10 ||    10
 Stab: Sleeping          |       |     1 |       |       ||     1
Armor: Animal skin       |    16 |    48 |    83 |    15 ||   162
       Steam dragon scal |       |       |       |    22 ||    22
       Robe              |       |       |       |     2 ||     2
Dodge: Dodged            |    21 |    87 |   139 |    59 ||   306

Table legend: (Time is in decaauts)
 A = Elapsed time spent in this place.
 B = Non-inter-level travel time spent in this place.
 C = Inter-level travel time spent in this place.
 D = Time resting spent in this place.
 E = Time spent auto-exploring this place.
 F = Levels seen in this place.
 G = Mean time per level.
                   A        B        C        D        E       F      G
               +--------+--------+--------+--------+--------+-----+--------+
         Total |   9466 |   8710 |    756 |   1750 |   5437 |  11 |  860.5 |
       Dungeon |   9051 |   8295 |    756 |   1750 |   5241 |   9 | 1005.7 |
         Sewer |     85 |     85 |      0 |      0 |     45 |   1 |   85.0 |
       Ossuary |    329 |    329 |      0 |      0 |    151 |   1 |  329.0 |
               +--------+--------+--------+--------+--------+-----+--------+

Top non-repeatable levels by time:
     D:7: 1552 daAuts
     D:5: 1399 daAuts
     D:9: 1236 daAuts
     D:4: 1021 daAuts
     D:6: 844 daAuts
     D:3: 800 daAuts
     D:1: 783 daAuts
     D:8: 720 daAuts
     D:2: 692 daAuts
 Ossuary: 329 daAuts
   Sewer: 85 daAuts
